AoeStats
← [RZ] HardZeeiRa-BR

Arabia

510079690Analyzed
1v1 RM · 2d ago on Sep 29, 2026· 51m 21s· 2 players
Game mode
Random Map
Map size
Tiny (2 player)
Population
200
Speed
Normal
Resources
Standard
Victory
Conquest
Starting age
Dark Age
Ending age
Imperial Age
RankedLock teamsTeams togetherTeam positionsShared explorationLock speedFull tech treeHidden civsTurbo modeCheats
Victory
Defeat
🇧🇷 Varangians · Brazil
1206
+18
🇳🇴 Magyars · Norway
1245
-18
[RZ] HardZeeiRa-BR
6:20 Loom
9:03 Feudal Age
12:33 Bloodlines
16:29 Forging
19:06 Double-Bit Axe
20:16 Wheelbarrow
20:16 Scale Barding Armor
26:08 Castle Age
28:04 Chain Barding Armor
29:54 Gold Mining
35:31 Iron Casting
36:57 Horse Collar
41:30 Imperial Age
39:35 Treadmill Crane
39:50 Stone Mining
40:04 Husbandry
41:39 Fletching
41:35 Cavalier
42:41 Herbal Medicine
43:14 Conscription
44:32 Plate Barding Armor
44:22 Gothikon
49:24 Blast Furnace
50:52 Bodkin Arrow
Krypto
9:05 Feudal Age
9:15 Loom
9:39 Double-Bit Axe
15:43 Wheelbarrow
22:50 Castle Age
23:16 Crossbowman
24:40 Bow Saw
24:29 Fletching
27:37 Bodkin Arrow
28:57 Padded Archer Armor
29:54 Hand Cart
30:18 Leather Archer Armor
32:31 Town Watch
38:19 Bloodlines
40:14 Gold Mining
45:27 Imperial Age
43:26 Stone Mining
44:05 Horse Collar
45:10 Scale Barding Armor
Connection lost

Rejoining the realm…

Still unreachable

The connection could not be restored.

Session expired

The server has moved on; the page needs a fresh start.